 Dungeon Crawl Stone Soup version 0.30.0-29-ga12c61a403 (webtiles) character file.

Game seed: 8487044083850621877

1022 qw the Chopper (level 8, -2/49 HPs)
             Began as a Gargoyle Fighter on June 4, 2023.
             Slain by a two-headed ogre
             ... wielding a +0 giant club
              (13 damage)
             ... on level 6 of the Dungeon.
             The game lasted 00:01:51 (4248 turns).

qw the Chopper (Gargoyle Fighter)                   Turns: 4248, Time: 00:01:52

Health: -2/49      AC: 15    Str: 21    XL:     8   Next: 22%
Magic:  8/8        EV:  8    Int: 10    God:
Gold:   609        SH:  9    Dex:  9    Spells: 7/7 levels left

rFire   . . .        Y - +1 war axe (freeze)
rCold   . . .        c - +0 buckler
rNeg    + . .        n - +0 chain mail
rPois   inf          k - +0 helmet
rElec   +            (no cloak)
rCorr   .            (no gloves)
SInv    +            (no boots)
Will    .....        h - amulet of reflection Stlth
                     b - ring of see invisible
HPRegen 0.28/turn    (no ring)
MPRegen 0.11/turn

%: reflection
@: about to teleport
A: sickness immunity, AC +5, negative energy resistance 1, electricity
resistance, torment resistance 1, petrification resistance
a: no special abilities


You were on level 6 of the Dungeon.
You visited 1 branch of the dungeon, and saw 6 of its levels.

You collected 609 gold pieces.


Innate Abilities, Weirdness & Mutations

You are immune to sickness and miasma.
Your stone body is resilient. (AC +5)
You are immune to poison.
You resist negative energy. (rN+)
You are resistant to electric shocks. (rElec)
You are resistant to unholy torment.
You are immune to petrification.


   Skills:
 - Level 5.0 Fighting
 + Level 7.7 Axes
 - Level 1.1 Throwing
 - Level 3.2 Armour
 - Level 1.4 Dodging
 - Level 3.2 Shields


You had 7 spell levels left.
You didn't know any spells.
Your spell library was empty.

Inventory:

Hand Weapons
 e - a +0 heavy flail
 Y - a +1 war axe of freezing (weapon)
Missiles
 j - a boomerang (quivered)
Armour
 c - a +0 buckler (worn)
 k - a +0 helmet (worn)
 n - a +0 chain mail (worn)
Jewellery
 b - a ring of see invisible (left hand)
 h - an amulet of reflection (around neck)
Scrolls
 i - 2 scrolls of identify
Potions
 d - 3 potions of might
 f - a potion of invisibility {unknown}
 g - a potion of mutation
 l - a potion of magic {unknown}
 m - 3 potions of heal wounds
 o - a potion of brilliance {unknown}
 q - a potion of degeneration {unknown}

Dungeon Overview and Level Annotations

Branches:
Dungeon (6/15)
 Temple: D:4-7

Altars:
Cheibriados
Nemelex Xobeh
Trog
Vehumet
Wu Jian
Yredelemnul


Message History

You kill the jelly!
i - 2 scrolls of identify (gained 1)
Found a longbow.
Enter note:
Enter note:
Enter note:
f - a red potion
Enter note:
Enter note:
Enter note: You now have 609 gold pieces (gained 6).
As you open the large door, it creaks loudly!
An iguana and a two-headed ogre come into view.
The iguana hisses angrily.
Enter note:
Enter note:
Enter note:
Enter note:
Enter note:
Enter note: You throw a boomerang.
The boomerang hits the iguana but does no damage.
You slash the iguana!
The iguana seems to slow down.
You freeze the iguana.
The iguana is almost dead.
You hit the two-headed ogre. You freeze the two-headed ogre.
The two-headed ogre is lightly wounded.
You hit the two-headed ogre. You freeze the two-headed ogre.
The two-headed ogre is lightly wounded.
The two-headed ogre hits you with a +0 giant club.
The two-headed ogre hits you with a +0 giant spiked club!
You hit the iguana. You freeze the iguana.
You kill the iguana!
You hit the two-headed ogre. You freeze the two-headed ogre.
The two-headed ogre closely misses you.
The two-headed ogre hits you with a +0 giant spiked club!!
4248 ||| READING scroll of teleportation.
As you read the scroll of teleportation, it crumbles to dust.
You feel strangely unstable.
The two-headed ogre hits you with a +0 giant club!
You die...

#...##...........#####...
#..#...........## ##..
###..............# ##.
#................# #
##...............##
#................#
##..............##
#..............#
####.....@....##
#.###'O###.# #.#.....
).#.#..#. ...#..##..#
#...#..##..# ....#.#..#.#
#....#......#


You could see a two-headed ogre.

Vanquished Creatures
  An orc warrior (D:5)
  A sky beast (D:6)
  A centaur (D:5)
  An ogre (D:5)
  2 phantoms (D:5)
  A hound (D:5)
  2 orc priests (D:5)
  A gnoll bouda (D:5)
  A jelly (D:6)
  3 iguanas
  2 sleepcaps (D:5)
  2 orc wizards
  9 gnolls (D:5)
  2 adders
  2 ufetubi
  4 worms
  A dart slug (D:1)
  6 orcs
  3 ball pythons
  3 bats (D:1)
  6 endoplasms
  9 giant cockroaches
  5 goblins
  3 hobgoblins
  2 jackals (D:1)
  3 quokkas
  A frilled lizard (D:2)
  4 kobolds
  4 rats
85 creatures vanquished.

Notes
Turn   | Place    | Note
-------+----------+-------------------------------------------
     0 | D:1      | qw the Gargoyle Fighter began the quest for the Orb.
     0 | D:1      | Reached XP level 1. HP: 14/14 MP: 1/1
     0 | D:1      | 0 ||| qw: Version: 0.2-a-107-g4668610
     0 | D:1      | 0 ||| qw: Game counter: 1231
     0 | D:1      | 0 ||| qw: Always use a shield: true
     0 | D:1      | 0 ||| qw: God list: Okawaru
     0 | D:1      | 0 ||| qw: Allow faded altars: false
     0 | D:1      | 0 ||| qw: Do Orc after D:15 true
     0 | D:1      | 0 ||| qw: Do second Lair branch before Depths: true
     0 | D:1      | 0 ||| qw: Lair rune preference: random
     0 | D:1      | 0 ||| qw: Plans: Normal, Zot:1-4, Slime:5, God:TSO, Crypt,
                  | Tomb, Abyss, Pan, Hells, Win
     0 | D:1      | 0 ||| PLANNING D:1-11
     8 | D:1      | 8 ||| Stepping ~*~*~tactically~*~*~ (hiding).
     9 | D:1      | 9 ||| Stepping ~*~*~tactically~*~*~ (hiding).
    10 | D:1      | 10 ||| Stepping ~*~*~tactically~*~*~ (hiding).
    62 | D:1      | Reached skill level 2 in Axes
    81 | D:1      | 81 ||| Stepping ~*~*~tactically~*~*~ (stealth).
    82 | D:1      | 82 ||| Stepping ~*~*~tactically~*~*~ (stealth).
   105 | D:1      | Reached XP level 2. HP: 19/19 MP: 2/2
   228 | D:1      | 228 ||| FLEEEEING.
   243 | D:1      | 243 ||| FLEEEEING.
   244 | D:1      | 244 ||| Stepping ~*~*~tactically~*~*~ (hiding).
   419 | D:1      | 419 ||| Stepping ~*~*~tactically~*~*~ (stealth).
   428 | D:1      | Reached skill level 3 in Axes
   462 | D:1      | Reached XP level 3. HP: 23/23 MP: 3/3
   653 | D:1      | 653 ||| UPGRADING to +0 helmet.
   658 | D:1      | 658 ||| UPGRADING to amulet of reflection.
   663 | D:1      | 663 ||| DROPPING amulet of magic regeneration.
   664 | D:1      | 664 ||| READING 2 scrolls labelled DIQUNUJONK.
   669 | D:1      | 669 ||| DRINKING 2 fuming coppery potions.
   670 | D:1      | 670 ||| DROPPING potion of flight.
   700 | D:2      | 700 ||| Stepping ~*~*~tactically~*~*~ (stealth).
  1144 | D:2      | Reached XP level 4. HP: 28/28 MP: 4/4
  1294 | D:2      | Identified the +0 robe of Valiance {Dex+4 SInv}
  1440 | D:2      | 1440 ||| READING scroll labelled YHUIPO KOTIMA.
  1441 | D:2      | 1441 ||| READING scroll labelled EPNEF QAHA.
  1442 | D:2      | 1442 ||| READING scroll labelled NAOH AMEFED.
  1443 | D:2      | 1443 ||| READING scroll labelled ACEBAC OKUK.
  1444 | D:2      | 1444 ||| READING scroll labelled JACORU UCOTT.
  1483 | D:3      | Reached skill level 4 in Axes
  1498 | D:3      | Found a radiant altar of Vehumet.
  1499 | D:3      | 1499 ||| Stepping ~*~*~tactically~*~*~ (hiding).
  1500 | D:3      | 1500 ||| Stepping ~*~*~tactically~*~*~ (hiding).
  1700 | D:3      | Found a basalt altar of Yredelemnul.
  1965 | D:3      | 1965 ||| Stepping ~*~*~tactically~*~*~ (stealth).
  1967 | D:3      | 1967 ||| Stepping ~*~*~tactically~*~*~ (hiding).
  1969 | D:3      | 1969 ||| Stepping ~*~*~tactically~*~*~ (hiding).
  1971 | D:3      | 1971 ||| Stepping ~*~*~tactically~*~*~ (hiding).
  2086 | D:3      | 2086 ||| READING scroll labelled PAALER PERYUFF.
  2087 | D:3      | 2087 ||| READING 2 scrolls of identify.
  2087 | D:3      | 2087 ||| IDENTIFYING metallic yellow potion
  2139 | D:4      | Reached XP level 5. HP: 32/32 MP: 5/5
  2154 | D:4      | Found a bloodstained altar of Trog.
  2156 | D:4      | Found a sparkling altar of Nemelex Xobeh.
  2157 | D:4      | Found a snail-covered altar of Cheibriados.
  2574 | D:4      | 2574 ||| UPGRADING to +0 chain mail.
  2584 | D:4      | 2584 ||| DROPPING +0 scale mail.
  2585 | D:4      | 2585 ||| READING scroll labelled ZYIWKOISY.
  2686 | D:4      | 2686 ||| READING 2 scrolls of identify.
  2686 | D:4      | 2686 ||| IDENTIFYING coppery potion
  2705 | D:5      | Entered Level 5 of the Dungeon
  2874 | D:5      | Noticed a phantom
  2883 | D:5      | Killed a phantom
  2884 | D:5      | Reached skill level 5 in Axes
  2884 | D:5      | Reached XP level 6. HP: 35/37 MP: 6/6
  2941 | D:5      | Found an ornate altar of the Wu Jian Council.
  2968 | D:5      | HP: 9/37 [ogre/+0 giant club (14)]
  2969 | D:5      | 2969 ||| READING 2 scrolls of teleportation.
  3145 | D:5      | Reached skill level 6 in Axes
  3233 | D:5      | Noticed an orc warrior
  3235 | D:5      | Reached XP level 7. HP: 39/43 MP: 7/7
  3235 | D:5      | 3235 ||| Stepping ~*~*~tactically~*~*~ (hiding).
  3247 | D:5      | Reached skill level 1 in Dodging
  3313 | D:5      | 3313 ||| DROPPING +1 whip of electrocution.
  3505 | D:5      | 3505 ||| FLEEEEING.
  3506 | D:5      | 3506 ||| FLEEEEING.
  3507 | D:5      | 3507 ||| FLEEEEING.
  3508 | D:5      | 3508 ||| FLEEEEING.
  3509 | D:5      | 3509 ||| FLEEEEING.
  3510 | D:5      | 3510 ||| FLEEEEING.
  3511 | D:5      | 3511 ||| FLEEEEING.
  3512 | D:5      | 3512 ||| FLEEEEING.
  3513 | D:5      | 3513 ||| FLEEEEING.
  3624 | D:5      | 3624 ||| FLEEEEING.
  3625 | D:5      | 3625 ||| FLEEEEING.
  3626 | D:5      | 3626 ||| FLEEEEING.
  3634 | D:5      | Reached skill level 7 in Axes
  3822 | D:5      | Reached skill level 1 in Throwing
  3824 | D:5      | 3824 ||| DROPPING +0 flail.
  3849 | D:5      | 3849 ||| DRINKING potion of curing.
  3849 | D:5      | 3849 ||| (to cure confusion)
  3851 | D:5      | Reached XP level 8. HP: 49/49 MP: 8/8
  4047 | D:5      | 4047 ||| UPGRADING to ring of see invisible.
  4048 | D:5      | 4048 ||| READING scroll labelled GOSURO XUIVI.
  4048 | D:5      | Identified a scroll of acquirement
  4048 | D:5      | 4048 ||| ACQUIRING 331 gold pieces
  4048 | D:5      | Acquired 331 gold pieces
  4050 | D:5      | 4050 ||| READING scroll labelled CEFIXUSOYC.
  4051 | D:5      | 4051 ||| DRINKING 2 inky potions.
  4157 | D:6      | Identified the +2 mace of the Exiled Xalams {holy, *Slow
                  | Will+ Int+2}
  4159 | D:6      | 4159 ||| DROPPING +2 mace of the Exiled Xalams {holy, *Slow
                  | Will+ Int+2}.
  4242 | D:6      | Noticed a two-headed ogre
  4247 | D:6      | HP: 11/49 [two-headed ogre/+0 giant club (18)]
  4248 | D:6      | 4248 ||| READING scroll of teleportation.
  4248 | D:6      | Slain by a two-headed ogre

Levels and vault maps discovered:
D:1:      dpeg_arrival_pond, layout_basic, reono_crystal_passage
D:2:      minmay_alternating_diamond, layout_loops_ring
D:3:      layout_basic, vehumet_altar_wand_db, pf_just_have_faith,
          minmay_strange_pillars, hangedman_decor_growths,
          chequers_serial_rivers_large_a, grunt_decor_fettered,
          kennysheep_nondescript, wad_floor_pattern_2, minmay_misc_feat_pillars
D:4:      layout_basic, chequers_temple_overflow_statue_of_worship
D:5:      layout_layer_cave, mainiacjoe_overflow_chevrons
D:6:      layout_cave_pods, grunt_gozag_statues, minmay_temple_entry_large_hall,
          kennysheep_generic_room_15

Skill      XL: |  1  2  3  4  5  6  7 |
---------------+----------------------+-----
Axes           | 2 3 4 5 6 7 |  7.7
Fighting       | 4 5 |  5.0
Dodging        | 1 |  1.4
Throwing       | 1 |  1.1
Armour         | |  3.2
Shields        | |  3.2

Action                     |  1- 3 |  4- 6 |  7- 9 || total
---------------------------+-------+-------+-------++-------
  Melee: War axe           |    79 |    77 |    65 ||   221
  Throw: Boomerang         |    33 |    52 |    17 ||   102
    Use: Scroll            |     1 |    10 |     3 ||    14
         Potion            |     1 |       |     2 ||     3
 Armour: Scale mail        |    35 |    17 |       ||    52
         Chain mail        |       |    10 |    31 ||    41
  Dodge: Dodged            |    18 |    18 |    14 ||    50
  Block: Buckler           |    22 |    30 |    31 ||    83
         Reflection        |       |       |     2 ||     2

Table legend:
 A = Non-vault XP
 B = Vault XP
 C = Vault XP percentage of total XP
 D = Non-vault monster count
 E = Vault monster count
 F = Vault count percentage of total count
                 A         B        C        D         E       F
            +---------+---------+-------+---------+---------+-------
      Total |    1409 |      51 |   3.5 |      78 |       7 |   8.2
            +---------+---------+-------+---------+---------+-------
        D:1 |      39 |       0 |   0.0 |      21 |       0 |   0.0
        D:2 |      39 |      12 |  23.5 |      13 |       5 |  27.8
        D:3 |      68 |       2 |   2.9 |       8 |       1 |  11.1
        D:4 |      53 |       0 |   0.0 |       8 |       0 |   0.0
        D:5 |    1035 |       0 |   0.0 |      25 |       0 |   0.0
        D:6 |     175 |      37 |  17.5 |       3 |       1 |  25.0
            +---------+---------+-------+---------+---------+-------
